 Dungeon Crawl Stone Soup version 0.19.5 (webtiles) character file.

3411 sankara the Blocker (level 9, 0/82 HPs)
             Began as a Minotaur Fighter on Mar 24, 2017.
             Was a Priest of Okawaru.
             Killed by divine providence
             ... invoked by an orc priest
              (13 damage)
             ... on level 8 of the Dungeon.
             The game lasted 00:27:33 (6772 turns).

sankara the Blocker (Minotaur Fighter)              Turns: 6772, Time: 00:27:34

Health: 0/82       AC: 15    Str: 20    XL:     9   Next: 76%
Magic:  10/10      EV:  9    Int: 10    God:    Okawaru [***...]
Gold:   540        SH: 12    Dex: 18    Spells: 0 memorised, 8 levels left

rFire  . . .     SeeInvis .     a - +0 long sword
rCold  . . .     Gourm    .     H - +0 chain mail
rNeg   . . .     Faith    .     c - +0 shield
rPois  .         Spirit   .     (helmet restricted)
rElec  .         Reflect  .     s - +0 cloak
rCorr  .         Harm     .     i - +0 pair of gloves
MR     +....                    h - +0 pair of boots
Stlth  ..........               (no amulet)
                                D - +4 ring of dexterity
                                n - ring of protection from magic

@: brilliant
A: retaliatory headbutt, horns 2, mutation resistance 1, shaggy fur 1
a: Heroism, Renounce Religion


You were on level 8 of the Dungeon.
You worshipped Okawaru.
Okawaru was most pleased with you.
You were hungry.

You visited 2 branches of the dungeon, and saw 9 of its levels.

You collected 540 gold pieces.

Inventory:

Hand Weapons
 a - a +0 long sword (weapon)
 A - a +2 antimagic whip
Armour
 c - a +0 shield (worn)
 e - a cursed +0 ring mail
 h - a +0 pair of boots (worn)
 i - a +0 pair of gloves (worn)
 s - a +0 cloak (worn)
 H - a +0 chain mail (worn)
Jewellery
 l - an uncursed ring of flight
 n - a ring of protection from magic (left hand)
 x - an uncursed ring of fire
 D - a +4 ring of dexterity (right hand)
Scrolls
 j - 10 scrolls of identify {unknown}
 k - 6 scrolls of remove curse {unknown}
 m - 3 scrolls of magic mapping {unknown}
 t - 5 scrolls of teleportation {unknown}
 v - 3 scrolls of recharging {unknown}
 y - 5 scrolls of immolation {unknown}
 z - 3 scrolls of random uselessness {unknown}
 F - a scroll of enchant weapon {unknown}
 G - 2 scrolls of amnesia {unknown}
Potions
 d - 4 potions of might
 g - 2 potions of invisibility
 p - 2 potions of ambrosia
 q - a potion of brilliance
 u - 2 potions of degeneration
 E - a potion of magic
 J - 2 potions of flight {unknown}
Comestibles
 f - 3 bread rations
 o - a royal jelly
 r - 6 meat rations
 w - a slice of pizza
 C - 2 beef jerkies


   Skills:
 + Level 8.4 Fighting
 + Level 8.9 Long Blades
 + Level 7.2 Armour
 + Level 4.7 Dodging
 - Level 9.0 Shields
 + Level 2.8 Invocations


You had 8 spell levels left.
You didn't know any spells.

Dungeon Overview and Level Annotations

Branches:
Dungeon (8/15)             Temple (1/1) D:6
   Lair: D:8-11

Altars:
Ashenzari
Cheibriados
Dithmenos
Elyvilon
Fedhas
Gozag
Hepliaklqana
Kikubaaqudgha
Makhleb
Nemelex Xobeh
Okawaru
Qazlal
Ru
Sif Muna
Uskayaw
Vehumet
Xom
Yredelemnul
Zin
The Shining One


Innate Abilities, Weirdness & Mutations

You reflexively headbutt those who attack you in melee.
You have a pair of horns on your head.
You are somewhat resistant to further mutation.
You are covered in fur. (AC +1)


Message History

You headbutt the orc warrior. You closely miss the orc warrior.
The orc warrior is severely wounded.
The orc priest miscasts a cantrip.
You slash the orc warrior!
You kill the orc warrior!
Okawaru accepts your kill.
The orc priest calls down the wrath of Beogh upon you.
Beogh smites you!
* * * LOW HITPOINT WARNING * * *
It was a potion of brilliance.
You feel clever all of a sudden.
You closely miss the orc priest.
The orc priest is moderately wounded.
You block the orc priest's attack.
You hit the orc priest but do no damage.
The orc priest is moderately wounded.
The orc priest invokes the aid of Beogh against you.
Beogh smites you!
You die...

#..........#
#..........#
#..........#
#####.#.))##
#..###.# #.##
#.##### #.#
#.....#####
#.#
#####.....###
#@# #####....
#o# ####. #o#
## #o# ## #.#
.# #.# . #.#
. ... # .....


You could see 3 orc priests.

Vanquished Creatures
  Pikel (D:7)
  Prince Ribbit (D:6)
  A two-headed ogre (D:8)
  4 yaks (D:7)
  A sky beast (D:7)
  A phantom (D:6)
  3 orc warriors
  An ogre (D:4)
  A centaur (D:7)
  The ghost of Frank the Cudgeler, an amateur GrGl (D:3)
  A big kobold (D:5)
  A water moccasin zombie (D:5)
  2 howler monkeys
  5 crimson imps
  3 jellies
  4 orc priests
  A bullfrog skeleton (D:4)
  2 hounds (D:7)
  3 iguanas
  9 orc wizards
  4 worker ants
  A killer bee zombie (D:7)
  2 hound skeletons
  A worker ant zombie (D:7)
  7 adders
  An adder skeleton (D:8)
  4 worms
  5 dart slugs
  3 leopard geckos
  22 orcs
  5 giant cockroaches
  12 hobgoblins
  6 jackals
  A quokka (D:2)
  A ball python skeleton (D:4)
  6 bats
  5 frilled lizards
  5 goblins
  12 kobolds
  2 leopard gecko skeletons
  A quokka skeleton (D:4)
  8 rats
160 creatures vanquished.

Vanquished Creatures (others)
  2 slaves (D:7)
  An ogre (D:7)
  A hound (D:7)
  A worker ant (D:7)
  3 adders (D:7)
  An adder skeleton (D:7)
  A quokka (D:7)
10 creatures vanquished.

Grand Total: 170 creatures vanquished

Notes
Turn   | Place    | Note
-------+----------+-------------------------------------------
     0 | D:1      | sankara the Minotaur Fighter began the quest for the Orb.
     0 | D:1      | Reached XP level 1. HP: 19/19 MP: 0/0
   302 | D:1      | Reached skill level 4 in Shields
   313 | D:1      | Reached XP level 2. HP: 27/27 MP: 1/1
   725 | D:2      | Reached XP level 3. HP: 29/33 MP: 2/2
  1073 | D:2      | Reached XP level 4. HP: 39/40 MP: 3/3
  1364 | D:3      | Noticed Frank's ghost (amateur GrGl)
  1367 | D:3      | Gained mutation: You possess an exceptional clarity of mind. [potion of mutation]
  1367 | D:3      | Lost mutation: You possess an exceptional clarity of mind. [potion of mutation]
  1367 | D:3      | Gained mutation: You are somewhat resistant to further mutation. [potion of mutation]
  1394 | D:3      | Killed Frank's ghost
  1394 | D:3      | Reached skill level 5 in Shields
  1394 | D:3      | Reached XP level 5. HP: 21/47 MP: 4/4
  2464 | D:4      | Reached skill level 5 in Fighting
  2464 | D:4      | Reached skill level 5 in Long Blades
  2588 | D:4      | Reached XP level 6. HP: 49/56 MP: 5/5
  2929 | D:4      | Reached skill level 6 in Shields
  3073 | D:5      | Entered Level 5 of the Dungeon
  3227 | D:5      | Reached XP level 7. HP: 59/61 MP: 6/6
  3332 | D:5      | Reached skill level 7 in Shields
  3453 | D:5      | Reached skill level 1 in Dodging
  3682 | D:6      | Found a staircase to the Ecumenical Temple.
  3694 | Temple   | Entered the Ecumenical Temple
  3791 | Temple   | Became a worshipper of Warmaster Okawaru
  4090 | D:6      | Noticed Prince Ribbit
  4175 | D:6      | Killed Prince Ribbit
  4175 | D:6      | Reached XP level 8. HP: 32/71 MP: 7/7
  4584 | D:6      | Reached * piety under Okawaru
  4873 | D:6      | Found a snail-covered altar of Cheibriados.
  5072 | D:6      | Found an ancient bone altar of Kikubaaqudgha.
  5072 | D:6      | Found a shadowy altar of Dithmenos.
  5085 | D:6      | Reached skill level 5 in Armour
  5101 | D:6      | Found a burning altar of Makhleb.
  5154 | D:7      | Noticed Pikel
  5167 | D:7      | Killed Pikel
  5167 | D:7      | Reached ** piety under Okawaru
  5167 | D:7      | Reached skill level 8 in Shields
  5195 | D:7      | Gained mutation: You have supernaturally acute eyesight. (SInv) [mutagenic meat]
  5196 | D:7      | Lost mutation: You have supernaturally acute eyesight. (SInv) [mutagenic meat]
  5198 | D:7      | Gained mutation: You are covered in fur. (AC +1) [mutagenic meat]
  5307 | D:7      | Reached XP level 9. HP: 53/79 MP: 8/8
  5692 | D:7      | Reached skill level 1 in Invocations
  5699 | D:7      | Reached *** piety under Okawaru
  6083 | D:7      | Reached skill level 9 in Shields
  6772 | D:8      | Killed from afar by an orc priest

Skill      XL: |  1  2  3  4  5  6  7  8  9 |
---------------+----------------------------+-----
Shields        | 4 5 6 7 8 9 |  9.0
Fighting       | 4 5 6 7 8 |  8.4
Long Blades    | 3 4 5 6 7 8 |  8.9
Dodging        | 2 4 |  4.7
Armour         | 4 6 7 |  7.2
Invocations    | 2 |  2.8

Action                   |  1- 3 |  4- 6 |  7- 9 || total
-------------------------+-------+-------+-------++-------
Melee: Long sword        |    73 |   146 |   319 ||   538
       Headbutt          |    10 |    29 |    74 ||   113
  Use: Potion            |       |     5 |     5 ||    10
 Stab: Invisible         |       |     2 |       ||     2
  Eat: Chunk             |     1 |     7 |    17 ||    25
Armor: Scale mail        |    39 |    53 |     3 ||    95
       Chain mail        |       |       |    95 ||    95
       Skin              |       |       |     9 ||     9
Dodge: Dodged            |    25 |    39 |    73 ||   137
Block: Shield            |    27 |    45 |   168 ||   240
       Buckler           |    14 |     9 |       ||    23
       Rpst.: Long sword |     9 |     9 |    23 ||    41
